 Dungeon Crawl Stone Soup version 0.17.1-3-g152610e (webtiles) character file.

2695 kaze the Cleaver (level 9, 0/79 HPs)
             Began as a Minotaur Fighter on Mar 21, 2016.
             Was a Believer of Trog.
             Slain by Erica
             ... wielding a +4 scimitar of flaming
              (16 damage)
             ... on level 8 of the Dungeon.
             The game lasted 00:15:23 (6079 turns).

kaze the Cleaver (Minotaur Fighter)                 Turns: 6079, Time: 00:15:23

Health: 0/79       AC: 13    Str: 22 (25) XL:     9   Next: 38%
Magic:  7/7        EV:  7    Int:  5      God:    Trog [**....]
Gold:   442        SH: 12    Dex: 12      Spells: 0 memorised, 8 levels left

rFire  + . .     SeeInvis .     a - +1 war axe
rCold  . . .     Clarity  +     B - +0 plate armour
rNeg   . . .     SustAt   .     c - +1 shield
rPois  .         Gourm    .     (helmet restricted)
rElec  .         Spirit   .     (no cloak)
rCorr  .         Warding  .     (no gloves)
rMut   .         Stasis   .     (no boots)
MR     .....                    x - amulet of clarity
Stlth  ..........               (no ring)
                                y - +3 ring of dexterity

@: lethally poisoned (0 -> -14), not resistant to hostile enchantments,
extremely unstealthy
A: retaliatory headbutt, horns 2, fire resistance 1, low mp 1, mutation
resistance 1
a: Berserk, Trog's Hand, Burn Spellbooks, Renounce Religion


You were on level 8 of the Dungeon.
You worshipped Trog.
Trog was pleased with you.
You were not hungry.

You visited 1 branch of the dungeon, and saw 8 of its levels.

You collected 442 gold pieces.

Inventory:

Hand Weapons
 a - a +1 war axe (weapon)
 b - a +0 blowgun
 D - a +0 shortbow
Missiles
 k - 16 bolts
 l - 8 tomahawks (quivered)
 q - 30 poisoned needles
 v - 14 arrows of dispersal
 w - 8 poisoned arrows
 E - 108 arrows
 F - 68 sling bullets
 I - 2 throwing nets
 N - 14 bolts of flame
Armour
 c - a +1 shield (worn)
 B - a +0 plate armour (worn)
Jewellery
 x - an amulet of clarity (around neck)
 y - a +3 ring of dexterity (left hand)
Wands
 p - a wand of disintegration (10)
 G - a wand of fire (4)
 J - a wand of teleportation (4)
 L - a wand of digging (12)
Scrolls
 g - 3 scrolls of remove curse
 h - 4 scrolls of enchant armour
 m - 5 scrolls of teleportation
 r - 5 scrolls of identify
 u - a scroll of enchant weapon
 H - 2 scrolls of blinking {unknown}
 M - a scroll of fog {unknown}
Potions
 d - 3 potions of might
 j - 3 potions of heal wounds
 n - 2 potions of berserk rage
 o - a potion of curing
 z - a potion of ambrosia
 O - a potion of brilliance
Comestibles
 e - 4 bread rations
 f - 5 fruits
 i - 2 chunks of flesh
 C - 5 meat rations


   Skills:
 + Level 7.2 Fighting
 + Level 8.1 Axes
 + Level 2.5 Throwing
 + Level 7.4 Armour
 + Level 5.1 Dodging
 + Level 0.6 Stealth
 + Level 7.8 Shields


You had 8 spell levels left.
You didn't know any spells.

Dungeon Overview and Level Annotations

Branches:
Dungeon (8/15)             Temple (0/1) D:5
   Lair: D:8-11

Altars:
Ashenzari
Cheibriados
Gozag
Makhleb
Okawaru
Ru
Sif Muna
Trog
Xom

Shops:
D:7 =   D:8 *

Annotations:
D:8 Erica


Innate Abilities, Weirdness & Mutations

You reflexively headbutt those who attack you in melee.
You have a pair of horns on your head.
Your flesh is heat resistant.
Your magical capacity is low (-10% MP).
You are somewhat resistant to further mutation.


Message History

You hear some strange, mumbled words.
Something tries to affect you, but you resist.
You closely miss something.
You hear some strange, mumbled words.
You feel momentarily confused.
You miss something. Your headbutt misses something.
You hear some strange, mumbled words.
A bolt of poison appears from out of thin air!
The bolt of poison hits you!
You are more poisoned.
* * * LOW HITPOINT WARNING * * *
Your plate armour prevents you from hitting something.
* * * LOW HITPOINT WARNING * * *
You feel very sick. Something hits you but does no damage.
You miss something.
You feel sick.
You hear some strange, mumbled words.
Something tries to affect you, but you resist.
Something hits you!
You die...

####.#.#...##.##..#.###
.......##.............#
...)..................#
....[.................#
≈.............#...#.###
≈.<...........#...#.#
≈.###...###.#.....#.##
≈≈ .............?...#
.≈ #...###.#.#.@.#..#
.≈ ....... #...{##..#
.≈ ###........... .# .≈
...#.###..## .# .≈ #
#... # ##.# ..# #.#


There were no monsters in sight!

Vanquished Creatures
  Pikel (D:8)
  The ghost of Shufflesack the Covert, a novice HaAs of Dithmenos (D:5)
  The ghost of Shufflesack the Ducker, an amateur DEWz (D:4)
  A slave (D:8)
  2 centaurs
  3 ogres
  2 giant frogs
  A water moccasin skeleton (D:6)
  5 scorpions
  A hound (D:6)
  3 crimson imps
  A giant frog zombie (D:5)
  2 jellies (D:5)
  A giant frog skeleton (D:6)
  An iguana (D:6)
  Ijyb (D:2)
  2 orc priests (D:5)
  7 orc wizards
  5 worker ants
  Natasha (D:3)
  A hound skeleton (D:6)
  A hound zombie (D:7)
  Robin (D:3)
  7 gnolls
  4 shadow imps
  9 adders
  An ooze (D:3)
  2 adder zombies
  3 adder skeletons
  2 worms
  6 giant geckos
  21 orcs
  6 bats
  12 goblins
  11 hobgoblins
  14 jackals
  8 kobolds
  A quokka (D:2)
  2 ball pythons
  6 giant cockroaches
  3 giant newts
  3 quokka skeletons (D:5)
  A quokka zombie (D:5)
  7 rats
174 creatures vanquished.

Vanquished Creatures (others)
  A crimson imp (D:5)
  A hound (D:8)
2 creatures vanquished.

Grand Total: 176 creatures vanquished

Notes
Turn   | Place    | Note
--------------------------------------------------------------
     0 | D:1      | kaze the Minotaur Fighter began the quest for the Orb.
     0 | D:1      | Reached XP level 1. HP: 19/19 MP: 0/0
   118 | D:1      | Reached XP level 2. HP: 18/27 MP: 1/1
   125 | D:1      | Reached skill level 4 in Armour
   509 | D:2      | Reached XP level 3. HP: 33/33 MP: 2/2
   635 | D:2      | Reached skill level 1 in Dodging
   873 | D:2      | Noticed Ijyb
   891 | D:2      | Killed Ijyb
   891 | D:2      | Reached XP level 4. HP: 20/40 MP: 3/3
  1143 | D:3      | Noticed Robin
  1149 | D:3      | Killed Robin
  1237 | D:3      | Reached XP level 5. HP: 45/47 MP: 4/4
  1986 | D:3      | Found a deep blue altar of Sif Muna.
  2055 | D:3      | Noticed Natasha
  2064 | D:3      | Killed Natasha
  2064 | D:3      | Reached skill level 1 in Throwing
  2318 | D:4      | Noticed a centaur
  2328 | D:4      | Killed a centaur
  2328 | D:4      | Reached skill level 5 in Shields
  2328 | D:4      | Reached XP level 6. HP: 31/53 MP: 5/5
  2384 | D:4      | Found a shattered altar of Ashenzari.
  2671 | D:4      | Reached skill level 5 in Armour
  2678 | D:4      | Noticed Shufflesack's ghost (amateur DEWz)
  2696 | D:4      | Killed Shufflesack's ghost
  2696 | D:4      | Reached skill level 5 in Fighting
  2696 | D:4      | Reached XP level 7. HP: 29/61 MP: 6/6
  2726 | D:4      | Found an iron altar of Okawaru.
  3208 | D:4      | Noticed an ogre
  3211 | D:4      | Killed an ogre
  3277 | D:4      | Found a bloodstained altar of Trog.
  3313 | D:4      | Became a worshipper of Trog the Wrathful
  3600 | D:5      | Entered Level 5 of the Dungeon
  3600 | D:5      | Found a shimmering altar of Xom.
  3611 | D:5      | Reached skill level 5 in Axes
  3757 | D:5      | Noticed Shufflesack's ghost (novice HaAs)
  3776 | D:5      | Killed Shufflesack's ghost
  3776 | D:5      | Reached skill level 6 in Armour
  3776 | D:5      | Reached XP level 8. HP: 58/70 MP: 7/7
  4220 | D:5      | Found a staircase to the Ecumenical Temple.
  4291 | D:5      | Found a sacrificial altar of Ru.
  4476 | D:6      | Reached * piety under Trog
  4695 | D:6      | Reached skill level 7 in Shields
  4697 | D:6      | Reached skill level 5 in Dodging
  4869 | D:6      | Reached XP level 9. HP: 58/78 MP: 8/8
  5157 | D:7      | Reached ** piety under Trog
  5190 | D:7      | Found a burning altar of Makhleb.
  5220 | D:7      | Got a slimy buckler
  5232 | D:7      | Identified the -8 buckler "Kaun" {rPois Stlth+} (You found it on level 7 of the Dungeon)
  5322 | D:7      | Found Cate's Jewellery Boutique.
  5418 | D:7      | Found a snail-covered altar of Cheibriados.
  5498 | D:7      | Gained mutation: Your flesh is heat resistant. [potion of mutation]
  5498 | D:7      | Gained mutation: Your magical capacity is low (-10% MP). [potion of mutation]
  5498 | D:7      | Gained mutation: You can translocate small distances at will. [potion of mutation]
  5505 | D:7      | Lost mutation: You can translocate small distances at will. [potion of mutation]
  5505 | D:7      | Gained mutation: You are somewhat resistant to further mutation. [potion of mutation]
  5981 | D:8      | Found an opulent altar of Gozag.
  5981 | D:8      | Found Gozag's Platinum Reserve.
  5981 | D:8      | Noticed Pikel
  5994 | D:8      | Killed Pikel
  5994 | D:8      | Reached skill level 8 in Axes
  6060 | D:8      | Noticed Erica
  6079 | D:8      | Slain by Erica

Action                   |  1- 3 |  4- 6 |  7- 9 || total
-------------------------+-------+-------+-------++-------
Melee: War axe           |    94 |   113 |   244 ||   451
 Fire: Blowgun           |       |    54 |       ||    54
Invok: Burn Spellbooks   |       |       |     2 ||     2
       Berserk           |       |       |     1 ||     1
       Trog's Hand       |       |       |     1 ||     1
  Use: Scroll            |     2 |       |     9 ||    11
       Potion            |       |       |     9 ||     9
  Eat: Fruit             |       |     1 |     2 ||     3
       Chunk             |       |     3 |     3 ||     6
       Meat ration       |       |     1 |       ||     1
       Beef jerky        |       |       |     1 ||     1
       Bread ration      |       |       |     1 ||     1
